 Dungeon Crawl Stone Soup version 0.18.1-50-g88ac8fd (webtiles) character file.

752 grizmgrasm the Covert (level 7, -10/46 HPs)
             Began as a Vampire Enchanter on Oct 8, 2016.
             Was a Believer of Qazlal.
             Shot with an arrow by a centaur (14 damage)
             ... on level 5 of the Dungeon.
             The game lasted 00:21:38 (3894 turns).

grizmgrasm the Covert (Vampire Enchanter)           Turns: 3894, Time: 00:21:39

Health: -10/46     AC:  6    Str:  9    XL:     7   Next: 49%
Magic:  8/10       EV: 14    Int: 17    God:    Qazlal [**....]
Gold:   214        SH:  2    Dex: 15    Spells: 2 memorised, 5 levels left

rFire  + . .     SeeInvis +     n - +1 short sword (drain)
rCold  + . .     Gourm    .     o - +2 robe
rNeg   + + +     Faith    .     (no shield)
rPois  +         Spirit   .     k - +1 helmet
rElec  .         Dismiss  .     (no cloak)
rCorr  .         Reflect  .     (no gloves)
SustAt +         Harm     .     (no boots)
MR     .....                    (no amulet)
Stlth  ++++......               d - ring of sustain attributes
                                e - ring of fire

@: regenerating slowly, not resistant to hostile enchantments, stealthy
A: fangs 3, see invisible, unbreathing
a: Bat Form, Upheaval, Renounce Religion


You were on level 5 of the Dungeon.
You worshipped Qazlal.
Qazlal was pleased with you.
You were near bloodless.

You visited 1 branch of the dungeon, and saw 5 of its levels.

You collected 214 gold pieces.

Inventory:

Hand Weapons
 a - a +3 dagger
 n - a +1 short sword of draining (weapon)
Armour
 b - a +2 robe
 k - a +1 helmet (worn)
 o - a +2 robe (worn)
Jewellery
 d - a ring of sustain attributes (right hand)
 e - a ring of fire (left hand)
Wands
 j - a wand of polymorph (11/24)
Scrolls
 f - 2 scrolls of amnesia
 g - 2 scrolls of remove curse
 m - a scroll of fear
Potions
 h - a potion of lignification {unknown}
Books
 c - a book of Maledictions

   Spells                             Type                      Level
   a - Corona                         Hexes                        1
   b - Ensorcelled Hibernation        Hexes/Ice                    2
   c - Confuse                        Hexes                        3
   d - Tukima's Dance                 Hexes                        3
   e - Dazzling Spray                 Conjuration/Hexes            3


   Skills:
 + Level 2.4 Short Blades
 + Level 4.2 Dodging
 * Level 8.1 Stealth
 + Level 2.2 Spellcasting
 + Level 7.7 Hexes
 + Level 3.0 Ice Magic
 + Level 1.0 Invocations


You had 5 spell levels left.
You knew the following spells:

 Your Spells              Type           Power        Failure   Level  Hunger
a - Ensorcelled Hibernat  Hex/Ice        ##....       3%          2    ###....
b - Confuse               Hex            ####....     2%          3    ###....


Dungeon Overview and Level Annotations

Branches:
Dungeon (5/15)
 Temple: D:4-7

Altars:
Elyvilon
Qazlal
Sif Muna
Trog
Vehumet
Yredelemnul

Shops:
D:5 *

Annotations:
D:4 Rexou's ghost, amateur TrBe
D:5 Pikel


Innate Abilities, Weirdness & Mutations

You heal slowly.
You have razor-sharp teeth.
You have supernaturally acute eyesight.
You can survive without breathing.


Message History

Welcome back, grizmgrasm the Vampire Enchanter.
Qazlal says: Let the forces of nature tear it all down!
Press ? for a list of commands and other information.
Rexou's ghost is nearby!
Found 4 fruits.
Found a stone staircase leading down.
Rexou's ghost is nearby!
There is a stone staircase leading down here.
You climb downwards.
Level annotation: Pikel The centaur shoots an arrow.
The arrow hits you!
* * * LOW HITPOINT WARNING * * *
Found a robe.
There is a stone staircase leading up here.
Cast which spell? (? or * to list)
Aiming: Ensorcelled Hibernation
Press: ? - help, Shift-Dir - straight line, f - centaur
Aim: a centaur, wielding a shortbow (chance to defeat MR: 41%)
You feel a numb sensation.
The centaur resists with some effort.
The centaur shoots an arrow.
The arrow hits you!
You die...

#.# *,* *,* #.# #.*
****,* #p# #.*
**,**,***** #.#
#[***,*.#.#...# #.#
#.**,***...(..### #p#
#.***,*>#.......### #p#
#.* **.##........., #.#
#.####.#..∩.....#** #.#
#.@...c.........>,. #.#
########..#...##... #.#
#..#..<..... #.#
#..#.####..?
#.############§.#.# *,.#
#........((..(.§..####..,
##############..........*
#........#.....#*
#.####.....###.#*


You could see a centaur.

Vanquished Creatures
  Grinder (D:3)
  Sigmund (D:2)
  Eustachio (D:4)
  A hound (D:5)
  An orc priest (D:3)
  2 worker ants (D:4)
  Robin (D:3)
  4 adders
  An ooze (D:3)
  3 worms (D:2)
  3 giant geckos
  7 orcs (D:3)
  2 ball pythons
  A giant cockroach (D:3)
  19 goblins
  13 hobgoblins
  A jackal (D:2)
  6 kobolds
  2 quokkas (D:3)
  12 bats
  5 giant newts
  A quokka skeleton (D:4)
  10 rats
98 creatures vanquished.

Notes
Turn   | Place    | Note
--------------------------------------------------------------
     0 | D:1      | grizmgrasm the Vampire Enchanter began the quest for the Orb.
     0 | D:1      | Reached XP level 1. HP: 13/13 MP: 3/3
   401 | D:1      | Reached XP level 2. HP: 16/19 MP: 5/5
   412 | D:1      | Learned a level 2 spell: Ensorcelled Hibernation
   848 | D:1      | Reached skill level 5 in Hexes
  1126 | D:2      | Found a white marble altar of Elyvilon.
  1158 | D:2      | Found a faded altar to an unknown god.
  1159 | D:2      | Reached XP level 3. HP: 23/24 MP: 6/6
  1337 | D:2      | Reached skill level 5 in Stealth
  1586 | D:2      | Became a worshipper of Qazlal Stormbringer
  1586 | D:2      | Reached * piety under Qazlal
  1668 | D:2      | Noticed a moth of wrath
  1671 | D:2      | Found a bloodstained altar of Trog.
  1687 | D:2      | Reached XP level 4. HP: 30/30 MP: 4/7
  1777 | D:2      | Learned a level 3 spell: Confuse
  1858 | D:2      | Reached skill level 1 in Ice Magic
  2036 | D:2      | Noticed Sigmund
  2053 | D:2      | Killed Sigmund
  2053 | D:2      | Reached skill level 6 in Stealth
  2053 | D:2      | Reached XP level 5. HP: 24/35 MP: 2/8
  2196 | D:3      | Noticed Grinder
  2210 | D:3      | Killed Grinder
  2210 | D:3      | Reached skill level 7 in Stealth
  2210 | D:3      | Reached XP level 6. HP: 37/41 MP: 0/9
  2377 | D:3      | Found a deep blue altar of Sif Muna.
  2683 | D:3      | Found a basalt altar of Yredelemnul.
  2683 | D:3      | Found a radiant altar of Vehumet.
  2738 | D:3      | Reached ** piety under Qazlal
  2803 | D:3      | Noticed Robin
  2809 | D:3      | Killed Robin
  2810 | D:3      | Reached XP level 7. HP: 46/46 MP: 1/10
  3107 | D:4      | Noticed Eustachio
  3145 | D:4      | Killed Eustachio
  3145 | D:4      | Reached skill level 8 in Stealth
  3361 | D:4      | Noticed Rexou's ghost (amateur TrBe)
  3399 | D:5      | Entered Level 5 of the Dungeon
  3493 | D:5      | Found a white marble altar of Elyvilon.
  3504 | D:5      | Found Jetsilye's General Store.
  3574 | D:5      | Noticed Pikel
  3776 | D:4      | Reached skill level 1 in Invocations
  3894 | D:5      | Shot with an arrow by a centaur

Skill      XL: |  1  2  3  4  5  6  7 |
---------------+----------------------+-----
Hexes          | 5 6 7 |  7.7
Stealth        | 5 6 7 8 |  8.1
Ice Magic      | 1 2 3 |  3.0
Dodging        | 3 4 |  4.2
Short Blades   | 2 |  2.4
Invocations    | 1 |  1.0
Spellcasting   | |  2.2

Action                   |  1- 3 |  4- 6 |  7- 9 || total
-------------------------+-------+-------+-------++-------
Melee: Dagger            |    83 |       |       ||    83
       Bite              |     5 |     9 |     2 ||    16
       Short sword       |    16 |    91 |    58 ||   165
 Cast: Corona            |    11 |       |       ||    11
       Ensorcelled Hiber |    22 |    24 |    17 ||    63
       Confuse           |       |     9 |     8 ||    17
 Abil: End Transformatio |       |     1 |     2 ||     3
       Bat Form          |       |     1 |     2 ||     3
  Use: Scroll            |     8 |     2 |     5 ||    15
       Potion            |       |     5 |     4 ||     9
 Stab: Sleeping          |    25 |    14 |     5 ||    44
       Confused          |       |     6 |     1 ||     7
  Eat: Corpse            |       |       |     1 ||     1
Armor: Robe              |    19 |    14 |    25 ||    58
Dodge: Dodged            |    62 |    54 |    61 ||   177
Block: Other             |       |     4 |     6 ||    10
